TOP OF THE 1ST |
Oregon State Beavers batting - Pitching for Creighton Blue Jays : LHP Jerry Saunders
|
Pitching: LHP Jerry Saunders
|
|
Batting: RHB Travis Jackson
|
0-0: SINGLE (Line Drive, 8LS)
|
Batting: SHB Scotty Schmidt
|
0-0: Called Strike 0-1: Ball Wild Pitch! Travis Jackson to second 1-1: Called Strike 1-2: Foul Ball, location: 2F 1-2: Strikes out swinging
|
Batting: LHB Gary Cahill
|
0-0: Ball 1-0: Ball 2-0: SINGLE (Line Drive, 89S) Travis Jackson to third Runner from 3rd tries for Home, SAFE, no throw
|
Batting: RHB Lyle Johnston
|
0-0: Called Strike 0-1: Ball 1-1: Called Strike 1-2: Ball 2-2: Ground out 4-3 (Groundball, 34) Gary Cahill to second
|
Batting: SHB Mac Jones
|
0-0: Called Strike 0-1: Ball 1-1: Ball 2-1: Ball 3-1: Base on Balls
|
Batting: RHB Lance Fullerton
|
0-0: Ball 1-0: Called Strike 1-1: SINGLE (Flyball, 8LS) Gary Cahill to third Mac Jones to second Runner from 3rd tries for Home, SAFE, throw made home
|
Batting: RHB Jaime Álvarez
|
0-0: Ball 1-0: Foul Ball, location: 2F 1-1: Swinging Strike 1-2: Strikes out swinging
|
Top of the 1st over - 2 run(s), 3 hit(s), 0 error(s), 2 left on base; Oregon State 2 - Creighton 0 |
BOTTOM OF THE 1ST |
Creighton Blue Jays batting - Pitching for Oregon State Beavers : LHP John Turner
|
Pitching: LHP John Turner
|
|
Batting: LHB Marcos Torres
|
0-0: Ball 1-0: Foul Ball, location: 2F 1-1: Ball 2-1: Ball 3-1: Base on Balls
|
Batting: LHB Pedro Oropesa
|
0-0: Called Strike 0-1: Ball 1-1: SINGLE (Flyball, 78S) Marcos Torres to second
|
Batting: RHB Matt Cole
|
0-0: Fly out, F8 (Line Drive, 78M)
|
Batting: LHB Brady Phillips
|
0-0: Ball 1-0: Foul Ball, location: 2F 1-1: SINGLE (Line Drive, 8LS) Marcos Torres to third Pedro Oropesa to second Runner from 3rd tries for Home, SAFE, no throw
|
Batting: LHB Steve Edwards
|
0-0: Ball Pedro Oropesa is caught stealing 3rd base Brady Phillips to second 1-0: Swinging Strike 1-1: Ball 2-1: Ball 3-1: Called Strike 3-2: Foul Ball, location: 2F 3-2: Foul Ball, location: 2F 3-2: SINGLE (Flyball, 7S) Brady Phillips to third Brady Phillips scores
|
Batting: RHB Gabriel Santana
|
0-0: Ball 1-0: Foul Ball, location: 2F 1-1: Ball 2-1: Foul Ball, location: 2F 2-2: Ball 3-2: Base on Balls Steve Edwards to second
|
Batting: LHB Raúl Hernández
|
0-0: Ball 1-0: Swinging Strike 1-1: Foul Ball, location: 2F 1-2: Foul Ball, location: 2F 1-2: Strikes out swinging
|
Bottom of the 1st over - 2 run(s), 3 hit(s), 0 error(s), 2 left on base; Oregon State 2 - Creighton 2 |
TOP OF THE 2ND |
Oregon State Beavers batting - Pitching for Creighton Blue Jays : LHP Jerry Saunders
|
Batting: RHB Pablo Valadez
|
0-0: Ball 1-0: Called Strike 1-1: Fly out, F7 (Flyball, 78M)
|
Batting: SHB Brandon Hathaway
|
0-0: Swinging Strike 0-1: Swinging Strike 0-2: Strikes out swinging
|
Batting: RHB Travis Jackson
|
0-0: Ball 1-0: Foul Ball, location: 2F 1-1: DOUBLE (Line Drive, 7LD)
|
Batting: SHB Scotty Schmidt
|
0-0: Ball 1-0: Called Strike 1-1: Foul Ball, location: 2F 1-2: Reached via error on a dropped throw, E3 Travis Jackson to third
|
Batting: LHB Gary Cahill
|
0-0: Ball 1-0: Called Strike 1-1: SINGLE (Groundball, 4MD) Travis Jackson scores Scotty Schmidt to second Runner from 2nd tries for 3rd, SAFE, throw made to third
|
Batting: RHB Lyle Johnston
|
0-0: Foul Ball, location: 2F 0-1: Ball 1-1: SINGLE (Groundball, 34S) (infield hit) Scotty Schmidt scores Gary Cahill to second
|
Batting: SHB Mac Jones
|
0-0: Fly out, F5 (Popup, 56)
|
Top of the 2nd over - 2 run(s), 3 hit(s), 1 error(s), 2 left on base; Oregon State 4 - Creighton 2 |
BOTTOM OF THE 2ND |
Creighton Blue Jays batting - Pitching for Oregon State Beavers : LHP John Turner
|
Batting: RHB Jaime Aguirre
|
0-0: Called Strike 0-1: Ball 1-1: Called Strike 1-2: Strikes out swinging
|
Batting: RHB Carlos Gómez
|
0-0: Ground out 6-3 (Groundball, 6)
|
Batting: LHB Marcos Torres
|
0-0: DOUBLE (Line Drive, 89D)
|
Batting: LHB Pedro Oropesa
|
0-0: Called Strike 0-1: Ball 1-1: Foul Ball, location: 2F 1-2: Strikes out swinging
|
Bottom of the 2nd over - 0 run(s), 1 hit(s), 0 error(s), 1 left on base; Oregon State 4 - Creighton 2 |
TOP OF THE 3RD |
Oregon State Beavers batting - Pitching for Creighton Blue Jays : LHP Jerry Saunders
|
Batting: RHB Lance Fullerton
|
0-0: Ball 1-0: Ball 2-0: Ball 3-0: Base on Balls
|
Batting: RHB Jaime Álvarez
|
0-0: Swinging Strike 0-1: Called Strike 0-2: Ball 1-2: Ball 2-2: Strikes out swinging
|
Batting: RHB Pablo Valadez
|
0-0: Ball 1-0: Ball 2-0: Called Strike 2-1: Called Strike 2-2: Foul Ball, location: 2F 2-2: Strikes out swinging
|
Batting: SHB Brandon Hathaway
|
0-0: Foul Ball, location: 2F 0-1: Ball 1-1: Swinging Strike 1-2: SINGLE (Groundball, 3D) Lance Fullerton to second Runner from 2nd tries for 3rd, SAFE, throw made to third
|
Batting: RHB Travis Jackson
|
0-0: Foul Ball, location: 2F 0-1: Ball 1-1: Ball 2-1: Called Strike 2-2: Fly out, F9 (Flyball, 9S)
|
Top of the 3rd over - 0 run(s), 1 hit(s), 0 error(s), 2 left on base; Oregon State 4 - Creighton 2 |
BOTTOM OF THE 3RD |
Creighton Blue Jays batting - Pitching for Oregon State Beavers : LHP John Turner
|
Batting: RHB Matt Cole
|
0-0: Ball 1-0: Ball 2-0: Called Strike 2-1: Ball 3-1: Base on Balls
|
Batting: LHB Brady Phillips
|
0-0: Ball 1-0: Swinging Strike 1-1: Ball 2-1: Foul Ball, location: 2F 2-2: Foul Ball, location: 2F 2-2: Foul Ball, location: 2F 2-2: Ball 3-2: Base on Balls Matt Cole to second
|
Batting: LHB Steve Edwards
|
0-0: SINGLE (Line Drive, 6) Matt Cole to third Brady Phillips to second
|
Batting: RHB Gabriel Santana
|
0-0: Called Strike 0-1: Foul Ball, location: 2F 0-2: Strikes out looking
|
Batting: LHB Raúl Hernández
|
0-0: Fly out, F8 (Flyball, 8LM)
|
Batting: RHB Jaime Aguirre
|
0-0: Swinging Strike 0-1: Ball 1-1: Called Strike 1-2: Fielders Choice at 2nd, 6-4 (Groundball, 6)
|
Bottom of the 3rd over - 0 run(s), 1 hit(s), 0 error(s), 2 left on base; Oregon State 4 - Creighton 2 |
TOP OF THE 4TH |
Oregon State Beavers batting - Pitching for Creighton Blue Jays : LHP Jerry Saunders
|
Batting: SHB Scotty Schmidt
|
0-0: Ball 1-0: Ball 2-0: Called Strike 2-1: Fly out, F9 (Flyball, 89M)
|
Batting: LHB Gary Cahill
|
0-0: Called Strike 0-1: Ball 1-1: Foul Ball, location: 2F 1-2: Foul Ball, location: 2F 1-2: Ground out 4-3 (Groundball, 4)
|
Batting: RHB Lyle Johnston
|
0-0: Fly out, F9 (Flyball, 9)
|
Top of the 4th over - 0 run(s), 0 hit(s), 0 error(s), 0 left on base; Oregon State 4 - Creighton 2 |
BOTTOM OF THE 4TH |
Creighton Blue Jays batting - Pitching for Oregon State Beavers : LHP John Turner
|
Batting: RHB Carlos Gómez
|
0-0: Called Strike 0-1: Ball 1-1: Swinging Strike 1-2: Ball 2-2: Ball 3-2: SINGLE (Groundball, 34D)
|
Batting: LHB Marcos Torres
|
0-0: Ball Carlos Gómez steals 2nd base 1-0: Called Strike 1-1: Foul Ball, location: 2F 1-2: Ball 2-2: Ball 3-2: Fly out, F7 (Flyball, 7LMF)
|
Batting: LHB Pedro Oropesa
|
0-0: Called Strike 0-1: Swinging Strike 0-2: Ball 1-2: Ground out 6-3 (Groundball, 6) Carlos Gómez to third
|
Batting: RHB Matt Cole
|
0-0: Called Strike 0-1: Foul Ball, location: 2F 0-2: Ball 1-2: SINGLE (Groundball, 6MD) Carlos Gómez scores
|
Pitching: RHP John Womack
|
|
Batting: LHB Brady Phillips
|
0-0: Foul Ball, location: 2F 0-1: Fielders Choice at 2nd, 4-6 (Groundball, 34)
|
Bottom of the 4th over - 1 run(s), 2 hit(s), 0 error(s), 0 left on base; Oregon State 4 - Creighton 3 |
TOP OF THE 5TH |
Oregon State Beavers batting - Pitching for Creighton Blue Jays : LHP Jerry Saunders
|
Pitching: RHP Bob Roy
|
|
Batting: SHB Mac Jones
|
0-0: Ball 1-0: Foul Ball, location: 2F 1-1: Foul Ball, location: 2F 1-2: Ball 2-2: Strikes out swinging
|
Batting: RHB Lance Fullerton
|
0-0: Foul Ball, location: 2F 0-1: Foul Ball, location: 2F 0-2: Ball 1-2: Ball 2-2: Strikes out looking
|
Batting: RHB Jaime Álvarez
|
0-0: Called Strike 0-1: Ground out 5-3 (Groundball, 56S)
|
Top of the 5th over - 0 run(s), 0 hit(s), 0 error(s), 0 left on base; Oregon State 4 - Creighton 3 |
BOTTOM OF THE 5TH |
Creighton Blue Jays batting - Pitching for Oregon State Beavers : RHP John Womack
|
Batting: LHB Steve Edwards
|
0-0: Called Strike 0-1: Swinging Strike 0-2: Ball 1-2: Ground out U3 (Groundball, 3L)
|
Batting: RHB Gabriel Santana
|
0-0: Called Strike 0-1: Swinging Strike 0-2: Strikes out swinging
|
Batting: LHB Raúl Hernández
|
0-0: Foul Ball, location: 2F 0-1: Ball 1-1: SINGLE (Groundball, 34D)
|
Batting: RHB Jaime Aguirre
|
0-0: Ball Raúl Hernández is caught stealing 2nd base
|
Bottom of the 5th over - 0 run(s), 1 hit(s), 0 error(s), 0 left on base; Oregon State 4 - Creighton 3 |
TOP OF THE 6TH |
Oregon State Beavers batting - Pitching for Creighton Blue Jays : RHP Bob Roy
|
Batting: RHB Pablo Valadez
|
0-0: Called Strike 0-1: Foul Ball, location: 2F 0-2: SINGLE (Line Drive, 7LS)
|
Batting: SHB Brandon Hathaway
|
0-0: Ball 1-0: Grounds into double play, 4-6-3 (Groundball, 4)
|
Batting: RHB Travis Jackson
|
0-0: Ball 1-0: Ball 2-0: Ball 3-0: Base on Balls
|
Batting: SHB Scotty Schmidt
|
0-0: Ball 1-0: Swinging Strike 1-1: Ball 2-1: Called Strike 2-2: Strikes out swinging
|
Top of the 6th over - 0 run(s), 1 hit(s), 0 error(s), 1 left on base; Oregon State 4 - Creighton 3 |
BOTTOM OF THE 6TH |
Creighton Blue Jays batting - Pitching for Oregon State Beavers : RHP John Womack
|
Batting: RHB Jaime Aguirre
|
0-0: Foul Ball, location: 2F 0-1: Called Strike 0-2: Foul Ball, location: 2F 0-2: Ball 1-2: Foul Ball, location: 2F 1-2: Ball 2-2: Foul Ball, location: 2F 2-2: Foul Ball, location: 2F 2-2: Ball 3-2: SOLO HOME RUN (Flyball, 7D), Distance : 402 ft
|
Batting: RHB Carlos Gómez
|
0-0: Called Strike 0-1: Ball 1-1: Foul Ball, location: 2F 1-2: Strikes out swinging
|
Batting: LHB Marcos Torres
|
0-0: Ball 1-0: Ball 2-0: Ball 3-0: Called Strike 3-1: Foul Ball, location: 2F 3-2: Strikes out swinging
|
Batting: LHB Pedro Oropesa
|
0-0: Bunted foul 0-1: Foul Ball, location: 2F 0-2: Strikes out looking
|
Bottom of the 6th over - 1 run(s), 1 hit(s), 0 error(s), 0 left on base; Oregon State 4 - Creighton 4 |
TOP OF THE 7TH |
Oregon State Beavers batting - Pitching for Creighton Blue Jays : RHP Bob Roy
|
Batting: LHB Gary Cahill
|
0-0: Called Strike 0-1: Swinging Strike 0-2: Ball 1-2: Ball 2-2: Strikes out swinging
|
Batting: RHB Lyle Johnston
|
0-0: Ball 1-0: Ball 2-0: Foul Ball, location: 2F 2-1: Fly out, F8 (Flyball, 78D)
|
Batting: SHB Mac Jones
|
0-0: Ball 1-0: Ball 2-0: Ground out 4-3 (Groundball, 4D)
|
Top of the 7th over - 0 run(s), 0 hit(s), 0 error(s), 0 left on base; Oregon State 4 - Creighton 4 |
BOTTOM OF THE 7TH |
Creighton Blue Jays batting - Pitching for Oregon State Beavers : RHP John Womack
|
Batting: RHB Matt Cole
|
0-0: Called Strike 0-1: Ball 1-1: Ball 2-1: Called Strike 2-2: Strikes out looking
|
Batting: LHB Brady Phillips
|
0-0: Fly out, F6 (Popup, 6D)
|
Batting: LHB Steve Edwards
|
0-0: Ball 1-0: Ground out 4-3 (Groundball, 4S)
|
Bottom of the 7th over - 0 run(s), 0 hit(s), 0 error(s), 0 left on base; Oregon State 4 - Creighton 4 |
TOP OF THE 8TH |
Oregon State Beavers batting - Pitching for Creighton Blue Jays : RHP Bob Roy
|
Pinch Hitting: RHB Michael Kissinger
|
0-0: Ball 1-0: Ball 2-0: Called Strike 2-1: Swinging Strike 2-2: Strikes out swinging
|
Batting: RHB Jaime Álvarez
|
0-0: Ball 1-0: Ball 2-0: Called Strike 2-1: Ball 3-1: Base on Balls
|
Pinch Hitting: LHB Jon Jackson
|
0-0: Swinging Strike 0-1: Swinging Strike 0-2: Ball Wild Pitch! Jaime Álvarez to second 1-2: Hit by Pitch
|
Pitching: RHP George Williams
|
|
Batting: SHB Brandon Hathaway
|
0-0: Foul Ball, location: 2F 0-1: Grounds into double play, 4-6-3 (Groundball, 4)
|
Top of the 8th over - 0 run(s), 0 hit(s), 0 error(s), 1 left on base; Oregon State 4 - Creighton 4 |
BOTTOM OF THE 8TH |
Creighton Blue Jays batting - Pitching for Oregon State Beavers : RHP John Womack
|
Now at 2B: Luis Rodríguez
|
|
Now in RF: Chris Daly
|
|
Batting: RHB Gabriel Santana
|
0-0: Ground out 5-3 (Groundball, 5)
|
Pinch Hitting: LHB Rob Johnstone
|
0-0: Foul Ball, location: 2F 0-1: Called Strike 0-2: Ball 1-2: Ball 2-2: Strikes out looking
|
Batting: RHB Jaime Aguirre
|
0-0: Foul Ball, location: 2F 0-1: Ball 1-1: Ball 2-1: Ball 3-1: Called Strike 3-2: Base on Balls
|
Pitching: RHP Lee Scott
|
|
Pinch Hitting: RHB Ed Lindsey
|
0-0: Ball 1-0: Ball 2-0: Ball 3-0: Base on Balls Jaime Aguirre to second
|
Batting: LHB Marcos Torres
|
0-0: Ball 1-0: SINGLE (Line Drive, 4M) Jaime Aguirre to third Ed Lindsey to second
|
Batting: LHB Pedro Oropesa
|
0-0: Ground out 4-3 (Groundball, 34)
|
Bottom of the 8th over - 0 run(s), 1 hit(s), 0 error(s), 3 left on base; Oregon State 4 - Creighton 4 |
TOP OF THE 9TH |
Oregon State Beavers batting - Pitching for Creighton Blue Jays : RHP George Williams
|
Pitching: RHP Tommy Estes
|
|
Now at 1B: Miguel Maldonado
|
|
Now in CF: Rob Johnstone
|
|
Batting: RHB Travis Jackson
|
0-0: Ball 1-0: Ball 2-0: Ball 3-0: Base on Balls
|
Batting: SHB Scotty Schmidt
|
0-0: Ball 1-0: Sac Bunt - play at first, batter OUT! 1-4 Travis Jackson to second
|
Batting: LHB Gary Cahill
|
0-0: Intentional Walk
|
Batting: RHB Lyle Johnston
|
0-0: Ball Wild Pitch! Travis Jackson to third Gary Cahill to second 1-0: Intentional Walk
|
Batting: SHB Mac Jones
|
0-0: Ball 1-0: SINGLE (Line Drive, 4) Travis Jackson scores Gary Cahill to third Lyle Johnston to second
|
Batting: SHB Luis Rodríguez
|
0-0: Ball 1-0: Called Strike 1-1: Foul Ball, location: 2F 1-2: Ball 2-2: Ball 3-2: Fly out, F9 (Flyball, 9) Runner from 3rd tags up, SCORES, throw made
|
Pinch Hitting: RHB Brian Andrews
|
0-0: SINGLE (Line Drive, 6MD) Lyle Johnston to third Mac Jones to second Runner from 3rd tries for Home, SAFE, no throw
|
Pitching: RHP David Chávez
|
|
Batting: RHB Chris Daly
|
0-0: Foul Ball, location: 2F 0-1: Fielders Choice at 2nd, 6-4 (Groundball, 6)
|
Top of the 9th over - 3 run(s), 2 hit(s), 0 error(s), 1 left on base; Oregon State 7 - Creighton 4 |
BOTTOM OF THE 9TH |
Creighton Blue Jays batting - Pitching for Oregon State Beavers : RHP Lee Scott
|
Pitching: RHP Glenn Jackson
|
|
Now at C: Brian Andrews
|
|
Batting: RHB Matt Cole
|
0-0: Foul Ball, location: 2F 0-1: Ball 1-1: Swinging Strike 1-2: Foul Ball, location: 2F 1-2: Strikes out swinging
|
Batting: LHB Brady Phillips
|
0-0: Ball 1-0: Foul Ball, location: 2F 1-1: Ball 2-1: Ball 3-1: Swinging Strike 3-2: Foul Ball, location: 2F 3-2: Base on Balls
|
Batting: LHB Steve Edwards
|
0-0: Ball 1-0: Ball 2-0: Called Strike 2-1: Called Strike 2-2: SINGLE (Groundball, 4D) Brady Phillips to second Runner from 2nd tries for 3rd, SAFE, no throw
|
Batting: RHB Gabriel Santana
|
0-0: Foul Ball, location: 2F 0-1: Called Strike 0-2: Strikes out swinging
|
Batting: LHB Rob Johnstone
|
0-0: Called Strike 0-1: Swinging Strike 0-2: Strikes out looking
|
Bottom of the 9th over - 0 run(s), 1 hit(s), 0 error(s), 2 left on base; Oregon State 7 - Creighton 4 |
|